 Dungeon Crawl Stone Soup version 0.25-a0-1024-gbfbf38f2cb (webtiles) character file.

Game seed: 11893257138145253270, levelgen mode: deterministic

2835 wullow the Magician (level 9, -3/63 HPs)
             Began as a Demonspawn Wizard on May 12, 2020.
             Was a Follower of Sif Muna.
             Slain by a gnoll
             ... wielding a +0 spear
              (6 damage)
             ... on level 7 of the Dungeon.
             The game lasted 00:33:17 (10387 turns).

wullow the Magician (Demonspawn Wizard)            Turns: 10387, Time: 00:33:18

Health: -3/63      AC:  2    Str: 10    XL:     9   Next: 45%
Magic:  11/18      EV: 12    Int: 20    God:    Sif Muna [*.....]
Gold:   400        SH:  0    Dex: 12    Spells: 8/20 levels left

rFire    . . .     SeeInvis .   u - +2 dagger (venom)
rCold    + . .     Gourm    .   (no shield)
rNeg     . . .     Faith    .   a - +0 robe
rPois    +         Spirit   .   b - +0 hat
rElec    .         Reflect  .   m - scarf {repulsion}
rCorr    .         Harm     .   (no gloves)
MR       .....                  (no boots)
Stlth    ++........             A - amulet of regeneration
HPRegen  0.60/turn              p - ring of poison resistance
MPRegen  0.16/turn              (no ring)

@: lethally poisoned (-3 -> -3), about to teleport, repel missiles
A: horns 2, cold resistance 1, spiny 1
a: Channel Magic, Renounce Religion


You were on level 7 of the Dungeon.
You worshipped Sif Muna.
Sif Muna was aware of your devotion.
You were not hungry.

You visited 1 branch of the dungeon, and saw 7 of its levels.

You collected 400 gold pieces.

Inventory:

Hand Weapons
 u - a +2 dagger of venom (weapon)
 G - a +0 rapier
 I - a +2 short sword of flaming
Missiles
 g - 200 stones (quivered)
 v - 2 poisoned darts
 y - 104 arrows
Armour
 a - a +0 robe (worn)
 b - a +0 hat (worn)
 j - a +1 scale mail of cold resistance
 m - a scarf of repulsion (worn)
 J - a +2 kite shield
Magical Staves
 D - a cursed staff of fire {unknown}
Jewellery
 p - a ring of poison resistance (left hand)
 A - an amulet of regeneration (around neck)
Wands
 n - a wand of digging (2)
 t - a wand of flame (33)
 K - a wand of disintegration (6)
Scrolls
 e - 3 scrolls of remove curse
 h - 2 scrolls of fog
 k - a scroll of fear
 z - a scroll of silence {unknown}
 C - a scroll of random uselessness {unknown}
 F - 2 scrolls of magic mapping
Potions
 c - a potion of brilliance
 i - 2 potions of haste
 l - 3 potions of curing
 q - a potion of mutation
 s - 3 potions of magic
 w - a potion of invisibility {unknown}
 x - 2 potions of ambrosia
 E - a potion of stabbing {unknown}
 H - a potion of lignification {unknown}
Comestibles
 d - 6 rations


   Skills:
 + Level 3.1 Fighting
 + Level 1.5 Short Blades
 - Level 1.7 Dodging
 - Level 1.7 Stealth
 + Level 6.3 Spellcasting
 + Level 5.1 Conjurations
 - Level 3.0 Summonings
   Level 0.8 Translocations
 * Level 1.3 Transmutations
 + Level 4.2 Fire Magic
 - Level 5.0 Air Magic
 + Level 3.2 Poison Magic
 + Level 3.0 Evocations


You had 8 spell levels left.
You knew the following spells:

 Your Spells              Type           Power        Failure   Level  Hunger
a - Magic Dart            Conj           ####         1%          1    None
b - Call Imp              Summ           ###.....     4%          2    None
c - Mephitic Cloud        Conj/Pois/Air  ###.....     4%          3    ##.....
d - Conjure Flame         Conj/Fire      ####....     4%          3    ##.....
e - Ignite Poison         Fire/Tmut/Pois ###.....     9%          3    ##.....

Your spell library contained the following spells:

 Spells                   Type           Power        Failure   Level  Hunger
 Poisonous Vapours        Pois/Air       ###...       2%          2    None
 Sting                    Tmut/Pois      ###.         4%          1    None
 Blink                    Tloc           N/A          11%         2    None
 Slow                     Hex            #.......     16%         2    None
 Olgreb's Toxic Radiance  Pois           ###.....     26%         4    ####...


Dungeon Overview and Level Annotations

Branches:
Dungeon (7/15)             Temple (0/1) D:7

Altars:
Cheibriados
Dithmenos
Fedhas
Nemelex Xobeh
Qazlal
Sif Muna
Vehumet
Xom
Yredelemnul
Zin
The Shining One

Shops:
D:4 (

Annotations:
D:4 2 transporters, Flugslaktarn's ghost, amateur MiFi
D:6 1 runed translucent door
D:7 1 transporter, Lugonue's ghost, novice TeFi


Innate Abilities, Weirdness & Mutations

You have a pair of horns on your head.
Your flesh is cold resistant. (rC+)
You are partially covered in sharp spines.


Message History

Casting: Mephitic Cloud (dangerous; 4% risk of failure)
Confirm with . or Enter, or press ? or * to list all spells.
You don't know that spell.
Unknown command.
As you read the scroll labeled MYWETISHAGG, it crumbles to dust.
You feel strangely unstable.
It was a scroll of teleportation.
The gnoll is engulfed in noxious fumes.
The gnoll appears confused.
Lugonue's ghost hits you.
The gnoll hits you from afar with a +0 spear!
You miss Lugonue's ghost. You headbutt Lugonue's ghost.
Lugonue's ghost is lightly damaged.
You feel sick.
The gnoll is engulfed in noxious fumes.
The gnoll appears confused.
Lugonue's ghost is struck by your spines.
Lugonue's ghost hits you!
* * * LOW HITPOINT WARNING * * *
The gnoll sergeant hits you with the cursed +3 spear "Nirgh" {vamp, rC+ rN++}.
* * * LOW HITPOINT WARNING * * *
The gnoll hits you from afar with a +0 spear.
You die...

########################
######......................#
....)......)................#
.≈≈≈≈≈≈≈≈≈≈≈≈≈≈≈≈≈≈≈≈≈≈≈≈≈..#
.≈≈≈≈≈≈≈≈≈≈≈≈≈≈≈≈≈≈≈≈≈≈≈≈≈..#####
.≈≈#####...........#####≈≈.......
.≈≈#g8.#.###.©.###.#g8.#≈≈.#.....
.≈≈#g..###©#####g###...#≈≈.#.....
.≈≈###.......†gW@.g°.###≈≈.#.....
.≈≈.8#.######g######g#8.≈≈.##..##
.≈≈.##.#.⌠.#g.8#...#.##.≈≈.######
.≈≈.#..W...g.g⌠#:..'gg#.≈≈.......
.≈≈.##.#.⌠.#Pg8#...#.##.≈≈.......
.≈≈.8#.######g######.#8.≈≈.##..##
.≈≈###............?..###≈≈.##..##
.≈≈#...###.#####.###...#≈≈.....#.
.≈≈#.8.#.###.©.###.#.8.#≈≈.....#.


You could see a gnoll sergeant (confused, very poisoned), a gnoll shaman
(confused), Lugonue's ghost and 3 gnolls.

Vanquished Creatures
  A hippogriff (D:7)
  Eustachio (D:5)
  A hungry ghost (D:3)
  Edmund (D:4)
  A sky beast (D:5)
  3 orc warriors
  An ogre (D:6)
  A necrophage (D:6)
  3 centaurs
  A big kobold (D:7)
  Blork the orc (D:5)
  3 gnoll sergeants (D:7)
  A scorpion (D:4)
  7 hounds
  A jelly (D:7)
  A bullfrog skeleton (D:5)
  2 gnoll shamans (D:7)
  3 orc priests
  A centaur skeleton (D:4)
  An iguana (D:6)
  7 worker ants
  6 orc wizards
  A hound zombie (D:5)
  6 gnolls (D:7)
  6 adders
  2 shadow imps
  4 oozes
  2 adder skeletons (D:5)
  4 worms
  5 leopard geckos
  10 orcs
  3 giant cockroaches
  16 goblins
  15 hobgoblins
  5 jackals
  A quokka (D:7)
  2 ball pythons
  6 bats
  8 frilled lizards
  A jackal zombie (D:5)
  13 kobolds
  2 leopard gecko skeletons (D:4)
  6 rats
166 creatures vanquished.

Vanquished Creatures (collateral kills)
  A hungry ghost (D:7)
  An ogre (D:4)
  A crimson imp (D:7)
  A hound (D:5)
  An orc priest (D:7)
  2 iguanas (D:4)
  Robin (D:3)
  A worm (D:3)
  6 orcs
  A giant cockroach (D:7)
  2 goblins (D:3)
  4 hobgoblins
  A quokka (D:4)
  A quokka skeleton (D:5)
  A quokka zombie (D:5)
  A withered plant (D:5)
26 creatures vanquished.

Vanquished Creatures (others)
  6 plants (D:7)
6 creatures vanquished.

Grand Total: 198 creatures vanquished

Notes
Turn   | Place    | Note
-------+----------+-------------------------------------------
     0 | D:1      | wullow the Demonspawn Wizard began the quest for the Orb.
     0 | D:1      | Reached XP level 1. HP: 13/13 MP: 4/4
   415 | D:1      | Gained mutation: You are partially covered in sharp spines.
                  | [demonic ancestry]
   415 | D:1      | Reached XP level 2. HP: 15/19 MP: 3/6
   422 | D:1      | Learned a level 2 spell: Call Imp
  1060 | D:1      | Gained mutation: You have a pair of small horns on your
                  | head. [demonic ancestry]
  1060 | D:1      | Reached XP level 3. HP: 24/24 MP: 1/7
  1700 | D:2      | Found a radiant altar of Vehumet.
  1958 | D:2      | Found a shadowy altar of Dithmenos.
  1959 | D:2      | Found a shimmering altar of Xom.
  1959 | D:2      | Found a snail-covered altar of Cheibriados.
  1960 | D:2      | Found a glowing golden altar of the Shining One.
  2566 | D:2      | Reached XP level 4. HP: 30/30 MP: 5/9
  2571 | D:2      | Learned a level 3 spell: Mephitic Cloud
  3223 | D:3      | Noticed a hungry ghost
  3255 | D:3      | Killed a hungry ghost
  3255 | D:3      | Reached skill level 4 in Spellcasting
  3255 | D:3      | Reached skill level 1 in Air Magic
  3255 | D:3      | Reached skill level 1 in Poison Magic
  3255 | D:3      | Gained mutation: You have a pair of horns on your head.
                  | [demonic ancestry]
  3255 | D:3      | Reached XP level 5. HP: 32/35 MP: 5/11
  3735 | D:3      | Noticed Robin
  3748 | D:3      | Killed Robin
  4101 | D:3      | Found a blossoming altar of Fedhas.
  4366 | D:4      | Gained mutation: Your flesh is cold resistant. (rC+)
                  | [demonic ancestry]
  4366 | D:4      | Reached XP level 6. HP: 5/41 MP: 7/12
  4487 | D:4      | Learned a level 3 spell: Conjure Flame
  4723 | D:4      | Found a transporter.
  5197 | D:4      | Found Atwum's Antique Weapon Boutique.
  5320 | D:4      | Found a transporter.
  5321 | D:4      | Noticed Flugslaktarn's ghost (amateur MiFi)
  5402 | D:4      | Reached skill level 1 in Fire Magic
  6076 | D:5      | Entered Level 5 of the Dungeon
  6130 | D:5      | Reached XP level 7. HP: 33/46 MP: 12/14
  6272 | D:5      | Noticed Edmund
  6318 | D:5      | Noticed Eustachio
  6350 | D:4      | Killed Edmund
  6562 | D:5      | Found a sparkling altar of Nemelex Xobeh.
  6721 | D:5      | Noticed Blork the orc
  6732 | D:5      | Killed Blork the orc
  6831 | D:5      | Killed Eustachio
  6831 | D:5      | Reached skill level 5 in Spellcasting
  7201 | D:5      | Found a glowing silver altar of Zin.
  7507 | D:6      | Reached XP level 8. HP: 44/52 MP: 4/16
  7941 | D:6      | Reached skill level 1 in Fighting
  7941 | D:6      | Reached skill level 1 in Evocations
  8656 | D:6      | Found a glowing silver altar of Zin.
  8656 | D:6      | Found a runed translucent door.
  8656 | D:6      | Noticed an angel
  8738 | D:7      | Found a stormy altar of Qazlal.
  9103 | D:7      | Found a shimmering blue altar of Sif Muna.
  9110 | D:7      | Became a worshipper of Sif Muna the Loreminder
  9246 | D:7      | Reached skill level 5 in Air Magic
  9246 | D:7      | Reached XP level 9. HP: 43/61 MP: 10/17
  9246 | D:7      | Reached skill level 6 in Spellcasting
  9443 | D:7      | Reached * piety under Sif Muna
  9500 | D:7      | Reached skill level 1 in Short Blades
  9634 | D:7      | Learned a level 3 spell: Ignite Poison
  9655 | D:7      | HP: 3/62 [orc priest/divine providence (13)]
  9881 | D:7      | Reached skill level 5 in Conjurations
  9921 | D:7      | Found a staircase to the Ecumenical Temple.
  9957 | D:7      | Found a transporter.
 10028 | D:7      | Reached skill level 1 in Transmutations
 10062 | D:7      | Identified the cursed +3 spear "Nirgh" {vamp, rC+ rN++}
 10062 | D:7      | Identified the +2 buckler "Aceiq" {*Corrode Str+3 Dex+9}
 10075 | D:7      | Found a transporter.
 10077 | D:7      | Identified the amulet of the Monkey {+Rage rC+ MR- Int+5}
 10166 | D:7      | Found a basalt altar of Yredelemnul.
 10370 | D:7      | Noticed Lugonue's ghost (novice TeFi)
 10387 | D:7      | HP: 3/63 [gnoll sergeant/the cursed +3 spear "Nirgh" {vamp,
                  | rC+ rN++} (4)]
 10387 | D:7      | Slain by a gnoll

Illustrated notes

Levels and vault maps discovered:
D:1:      co_arrival_random_square_maze, layout_basic
D:2:      layout_loops_ring, fiery_altar_vehumet,
          nicolae_overflow_hidden_temple,
          chequers_temple_overflow_statue_of_worship, minmay_pentomino_x4
D:3:      layout_loops_corners, fedhas_altar_fruit_tree, kennysheep_minor_cross,
          uniq_robin
D:4:      layout_layer_cave, gammafunk_ghost_mausoleum, serial_shops,
          nicolae_shop_waterfront, first_ration
D:5:      layout_cave_pools, zin_statuary, nemelex_xobeh_ov_fountains_minmay,
          serial_undead, serial_undead_a, serial_undead_f, serial_undead_e,
          serial_undead_c, uniq_blork_the_orc, uniq_edmund, uniq_eustachio
D:6:      layout_basic, lemuel_angel_altar
D:7:      kennysheep_housing_project, layout_gridville, grunt_qazlal_sundering,
          lemuel_crystal_altar, kennysheep_mini,
          minmay_temple_entry_statues_pillars, gammafunk_ghost_gnarly_gnolls,
          chequers_serial_rivers_room_b

Skill      XL: |  1  2  3  4  5  6  7  8  9 |
---------------+----------------------------+-----
Conjurations   | 2 3 4 5 |  5.1
Summonings     | 2 3 |  3.0
Spellcasting   | 4 5 6 |  6.3
Air Magic      | 1 2 3 5 |  5.0
Poison Magic   | 1 2 3 |  3.2
Fire Magic     | 1 2 3 4 |  4.2
Fighting       | 2 3 |  3.1
Evocations     | 2 3 |  3.0
Short Blades   | 1 |  1.5
Transmutations | 1 |  1.3
Dodging        | |  1.7
Stealth        | |  1.7
Translocations | |  0.8

Action                   |  1- 3 |  4- 6 |  7- 9 || total
-------------------------+-------+-------+-------++-------
Melee: Dagger            |    36 |   102 |   153 ||   291
       Headbutt          |     2 |    10 |    26 ||    38
 Cast: Magic Dart        |    73 |    34 |   125 ||   232
       Call Imp          |     4 |    35 |    27 ||    66
       Mephitic Cloud    |       |       |    21 ||    21
  Use: Potion            |       |     2 |       ||     2
       Scroll            |       |     8 |     4 ||    12
 Stab: Sleeping          |     1 |     1 |     1 ||     3
       Confused          |       |       |     3 ||     3
  Eat: Chunk             |     5 |     9 |    12 ||    26
       Ration            |       |     1 |     1 ||     2
Armor: Robe              |     5 |     7 |    18 ||    30
Dodge: Dodged            |    23 |    55 |    96 ||   174
       Repelled          |       |       |     8 ||     8

Table legend:
 A = Non-vault XP
 B = Vault XP
 C = Vault XP percentage of total XP
 D = Non-vault monster count
 E = Vault monster count
 F = Vault count percentage of total count
                 A         B        C        D         E       F
            +---------+---------+-------+---------+---------+-------
      Total |    2700 |    1350 |  33.3 |     137 |      54 |  28.3
            +---------+---------+-------+---------+---------+-------
        D:1 |      48 |       0 |   0.0 |      25 |       0 |   0.0
        D:2 |      42 |      15 |  26.3 |      22 |       2 |   8.3
        D:3 |     192 |      23 |  10.7 |      19 |      11 |  36.7
        D:4 |     391 |     136 |  25.8 |      20 |       1 |   4.8
        D:5 |     410 |     247 |  37.6 |      16 |       6 |  27.3
        D:6 |     851 |       0 |   0.0 |      21 |       0 |   0.0
        D:7 |     766 |     929 |  54.8 |      14 |      34 |  70.8
            +---------+---------+-------+---------+---------+-------
